 Dungeon Crawl Stone Soup version 0.30.1-4-g462c640d31 (webtiles) character file.

Game seed: 1442279806229875191

56869 growler the Cloud Mage (level 14, -5/82 HPs)
             Began as a Tengu Air Elementalist on Aug 27, 2023.
             Was the Champion of Hepliaklqana.
             Slain by a white ugly thing (25 damage)
             ... on level 13 of the Dungeon on Aug 28, 2023.
             The game lasted 01:14:41 (25664 turns).

growler the Cloud Mage (Tengu Air Elementalist)    Turns: 25664, Time: 01:14:42

Health: -5/82      AC: 11    Str: 10    XL:     14   Next: 83%
Magic:  13/28      EV: 20    Int: 25    God:    Hepliaklqana [******]
Gold:   823        SH: 11    Dex: 15    Spells: 8/31 levels left

rFire   . . .        C - +1 rapier
rCold   . . .        U - +0 kite shield of the Northern Lights {rElec Str+2 Int+4}
rNeg    . . .        A - +1 steam dragon scales
rPois   .            (helmet restricted)
rElec   +            S - +0 cloak
rCorr   .            (no gloves)
SInv    .            (boots unavailable)
Will    +....        (no amulet)
Stlth   ++           y - +4 ring of protection
HPRegen 0.33/turn    I - +5 ring of evasion
MPRegen 0.21/turn

%: no passive effects
@: flying quickly and evasively, quick
A: reduced essence, beak, talons 3, nimble flight
a: Renounce Religion, Recall Ancestor, Ancestor Identity, Transference, Idealise


You were on level 13 of the Dungeon.
You worshipped Hepliaklqana.
Hepliaklqana was exalted by your worship.
You visited 3 branches of the dungeon, and saw 19 of its levels.

You collected 1245 gold pieces.
You spent 422 gold pieces at shops.

Inventory:

Hand Weapons
 C - a +1 rapier (weapon)
Missiles
 L - a throwing net
Armour
 a - a +0 robe
 A - +1 steam dragon scales (worn)
 S - a +0 cloak (worn)
 U - the +0 kite shield of the Northern Lights (worn) {rElec Str+2 Int+4}
   (You found it on level 1 of the Lair of Beasts)

   Str:       It affects your strength (+2).
   Int:       It affects your intelligence (+4).
   rElec:     It insulates you from electricity.
Jewellery
 y - a +4 ring of protection (left hand)
 I - a +5 ring of evasion (right hand)
 K - a ring of poison resistance
 T - a ring of fire
 V - a ring of fire
 W - a +6 ring of intelligence
Wands
 h - a wand of paralysis (10)
 i - a wand of polymorph (4)
 x - a wand of flame (59)
 F - a wand of light (7)
 M - a wand of mindburst (2)
 R - a wand of roots (5)
Scrolls
 d - a scroll of enchant weapon
 e - 3 scrolls of vulnerability
 f - 2 scrolls of brand weapon {unknown}
 g - 7 scrolls of fog
 l - a scroll of torment {unknown}
 m - a scroll of enchant armour
 p - a scroll of acquirement {unknown}
 q - 4 scrolls of fear
 t - 4 scrolls of poison
 u - 5 scrolls of immolation
 v - 2 scrolls of noise
 z - 7 scrolls of teleportation
 J - a scroll of amnesia {unknown}
 N - 5 scrolls of blinking {unknown}
 O - 7 scrolls of identify
Potions
 b - 3 potions of magic
 c - 2 potions of flight
 j - 2 potions of degeneration
 k - 4 potions of berserk rage
 n - 5 potions of ambrosia
 o - 7 potions of lignification
 r - 5 potions of attraction
 s - 2 potions of heal wounds
 w - 8 potions of curing {unknown}
 B - a potion of cancellation {unknown}
 D - 4 potions of resistance {unknown}
 E - 4 potions of brilliance {unknown}
 G - 4 potions of mutation {unknown}
 H - 2 potions of invisibility
 P - 2 potions of might
 Q - 2 potions of haste {unknown}


   Skills:
 + Level 12.5 Fighting
 - Level 5.7 Dodging
 - Level 2.0 Stealth
 + Level 8.2 Shields
 - Level 9.0 Spellcasting
 - Level 6.0 Conjurations
 + Level 22.9 Air Magic


You had 8 spell levels left.
You knew the following spells:

 Your Spells              Type           Power      Damage    Failure   Level
a - Shock                 Conj/Air       100%       1d9       1%          1
b - Static Discharge      Conj/Air       100%       2-7/arc   1%          2
c - Swiftness             Air            90%        N/A       0%          3
d - Airstrike             Air            45%        2d(7-23)  0%          4
e - Arcjolt               Conj/Air       35%        1d45      1%          5
f - Maxwell's Capacitive  Air            45%        ∞         10%         8

Your spell library contained the following spells:

 Spells                   Type           Power      Damage    Failure   Level
 Vhi's Electric Charge    Tloc/Air       100%       N/A       1%          3
 Silence                  Hex/Air        31%        N/A       4%          5
 Dazzling Flash           Conj/Hex       52%        N/A       16%         3
 Hailstorm                Conj/Ice       26%        3d7       16%         3
 Ensorcelled Hibernation  Hex/Ice        22%        N/A       26%         2
 Sublimation of Blood     Necr           11%        N/A       26%         2
 Iskenderun's Mystic Bla  Conj/Tloc      26%        2d7       45%         4
 Gell's Gravitas          Tloc           11%        N/A       47%         3
 Spider Form              Tmut/Pois      11%        N/A       47%         3
 Teleport Other           Tloc           11%        N/A       47%         3
 Volatile Blastmotes      Fire/Tloc      22%        2d11      47%         3
 Irradiate                Conj/Tmut      13%        3d16      82%         5
 Anguish                  Hex/Necr       5%         N/A       87%         4
 Animate Armour           Summ/Erth      22%        N/A       87%         4
 Cause Fear               Hex            5%         N/A       87%         4
 Ice Form                 Ice/Tmut       11%        N/A       87%         4
 Passage of Golubria      Tloc           11%        N/A       87%         4
 Petrify                  Tmut/Erth      11%        N/A       87%         4
 Blade Hands              Tmut           5%         N/A       99%         5
 Dispersal                Tloc           5%         N/A       100%        6
 Iron Shot                Conj/Erth      13%        9d3       100%        6
 Simulacrum               Ice/Necr       5%         N/A       100%        6
 Starburst                Conj/Fire      13%        6d5       100%        6
 Dragon Form              Tmut           5%         N/A       100%        7
 Lehudib's Crystal Spear  Conj/Erth      13%        10d4      100%        8
 Dragon's Call            Summ           5%         N/A       100%        9


Dungeon Overview and Level Annotations

Branches:
Dungeon (12/15)            Temple (1/1) D:4            Lair (5/5) D:9
 Shoals (0/4) Lair:2       Spider (0/4) Lair:2        Slime (0/5) Lair:4
    Orc: D:9-12

Altars:
Ashenzari
Cheibriados
Dithmenos
Elyvilon
Fedhas
Gozag
Hepliaklqana
Kikubaaqudgha
Makhleb
Nemelex Xobeh
Okawaru
Qazlal
Ru
Sif Muna
Trog
Uskayaw
Vehumet
Wu Jian
Xom
Yredelemnul
Zin
The Shining One
Jiyva

Shops:
D:4 :   D:7 ![:?*   D:9 ?

Annotations:
Lair:2 3 runed translucent doors, Gadrel's ghost, journeyman TrRe; thug444's ghost, journeyman MiFi


Innate Abilities, Weirdness & Mutations

Your life essence is reduced to manifest your ancestor. (-10% HP)
You have a beak for a mouth.
You have claws for feet.
Your magical nature lets you fly swiftly and evasively.


Message History

You block the white ugly thing's attack.
Found 9 gold pieces.
There is an open door here.
The six-headed hydra completely misses you.
The six-headed hydra bites you.
You block the six-headed hydra's attack.
The six-headed hydra bites you. x2
The six-headed hydra closely misses you.
The six-headed hydra misses you.
You block the six-headed hydra's attack. x2
The six-headed hydra bites you but does no damage.
The six-headed hydra completely misses you.
The six-headed hydra misses you.
The white ugly thing closely misses you.
You reach down and open the door.
You block the white ugly thing's attack.
The six-headed hydra bites you.
The six-headed hydra bites you but does no damage. x2
You block the six-headed hydra's attack.
The six-headed hydra barely misses you.
The six-headed hydra completely misses you.
Reggie B. emerges from the mists of memory!
There is an open door here.
The white ugly thing attacks as you move away!
The white ugly thing kicks you. The white ugly thing freezes you!
* * * LOW HITPOINT WARNING * * *
You reach down and open the door.
You block the white ugly thing's attack.
Found a gold piece.
Found a stone staircase leading up.
The white ugly thing attacks as you move away!
You block the white ugly thing's attack.
Reggie B. hits the six-headed hydra with a +0 dagger of draining.
There is an open door here.
The white ugly thing attacks as you move away!
You block the white ugly thing's attack.
There is a stone staircase leading up here.
The white ugly thing kicks you.
* * * LOW HITPOINT WARNING * * *
The white ugly thing freezes you!!
You die...

#........#
##.####### #.# #.#
#.# #.# ##+#######
#.#
#......$.####'######
+......@uD.#.......#
#........#.#.......#
#........#.#.......#
#........#.#.......#
#........#R#.$.....#
#........#.#.R.....#
#######+##.'.......#
###.......#
#########


You could see a six-headed hydra and a white ugly thing.

Vanquished Creatures
  Nessos (Lair:5)
  7 hydras
  6 two-headed ogres
  A deep troll shaman (Lair:5)
  5 death yaks (Lair:5)
  A skyshark (Lair:4)
  A lindwurm (Lair:5)
  An oklob plant (Lair:2)
  4 cyclopes
  2 ugly things (D:12)
  A manticore (D:11)
  18 elephants
  A torpor snail (Lair:1)
  4 kobold demonologists
  An unseen horror (D:11)
  A gargoyle (D:13)
  2 black mambas
  3 cane toads
  7 komodo dragons
  3 rime drakes
  3 red devils (D:13)
  A troll (D:12)
  5 blink frogs
  4 polar bears
  3 wyverns
  A wraith (D:9)
  37 yaks
  A shadow (D:10)
  3 basilisks
  Grum (D:8)
  3 steam dragons
  3 redbacks (Lair:2)
  3 vampire mosquitoes
  Menkaure (D:6)
  Edmund (D:4)
  3 acid dragons
  12 water moccasins
  Duvessa (D:6)
  3 orc warriors
  An ice beast (D:5)
  4 black bears
  17 wolves
  3 centaurs
  An ogre (D:5)
  Blork the orc (D:6)
  2 kobold brigands (D:12)
  A gnoll sergeant (D:9)
  12 bullfrogs
  A scorpion (D:5)
  4 wights (D:9)
  Dowan (D:6)
  8 killer bees (D:10)
  An electric eel (Lair:3)
  3 howler monkeys
  2 gnoll boudas
  3 hounds
  3 orc priests
  4 iguanas
  2 sleepcaps
  Jessica (D:2)
  7 orc wizards
  Natasha (thrice) (D:2)
  22 gnolls
  6 adders
  4 shadow imps
  2 white imps
  An ufetubus (D:7)
  2 worms (D:3)
  2 dart slugs
  25 orcs
  6 bats
  12 endoplasms
  2 giant cockroaches
  3 goblins (D:10)
  7 hobgoblins
  2 jackals (D:1)
  9 kobolds
  7 quokkas
  4 ball pythons
  5 frilled lizards
  6 rats
371 creatures vanquished.

Vanquished Creatures (collateral kills)
  A hydra (Lair:5)
  A catoblepas (Lair:5)
  A two-headed ogre (D:8)
  A death yak (Lair:5)
  A boulder beetle (D:11)
  A skyshark (Lair:1)
  An ugly thing (D:13)
  A cyclops (D:11)
  3 elephants (Lair:5)
  2 gargoyles (D:12)
  4 cane toads
  Maggie (Lair:2)
  A komodo dragon (Lair:5)
  A wyvern (Lair:1)
  5 basilisks
  9 yaks
  A steam dragon (D:9)
  A vampire mosquito (D:13)
  A water moccasin (Lair:5)
  4 wolves
  A kobold brigand (D:10)
  A scorpion (D:5)
  A bullfrog (D:7)
  A gnoll sergeant (D:10)
  A wight (D:9)
  A killer bee (D:10)
  3 howler monkeys (D:9)
  2 orc priests
  A jelly (D:4)
  A gnoll bouda (D:10)
  A sleepcap (D:5)
  An orc wizard (D:6)
  5 gnolls
  3 orcs
  A goblin (D:10)
  A kobold (D:10)
66 creatures vanquished.

Vanquished Creatures (others)
  10 hexers
  5 ancestors
15 creatures vanquished.

Grand Total: 452 creatures vanquished

Notes
Turn   | Place    | Note
-------+----------+-------------------------------------------
     0 | D:1      | growler the Tengu Air Elementalist began the quest for the
                  | Orb.
     0 | D:1      | Reached XP level 1. HP: 10/10 MP: 4/4
   461 | D:1      | Reached XP level 2. HP: 15/15 MP: 1/6
   520 | D:1      | Learned a level 2 spell: Static Discharge
  1179 | D:2      | Noticed Natasha
  1183 | D:2      | Killed Natasha
  1184 | D:2      | Reached XP level 3. HP: 14/19 MP: 0/7
  1255 | D:2      | Learned a level 3 spell: Swiftness
  1359 | D:2      | Noticed Natasha
  1369 | D:2      | Killed Natasha
  1370 | D:2      | Reached skill level 5 in Air Magic
  1370 | D:2      | Reached XP level 4. HP: 24/24 MP: 3/9
  1534 | D:2      | Found a faded altar of an unknown god.
  2089 | D:2      | Noticed Natasha
  2092 | D:2      | Killed Natasha
  2093 | D:2      | Gained mutation: Your magical nature lets you fly swiftly
                  | and evasively. [Tengu growth]
  2093 | D:2      | Reached XP level 5. HP: 18/28 MP: 6/10
  2182 | D:2      | Noticed Jessica
  2187 | D:2      | Killed Jessica
  2295 | D:2      | Got Jessica's Cyclopedia of the Sphinx
  2365 | D:2      | Learned a level 4 spell: Airstrike
  2375 | D:3      | Found a shimmering altar of Xom.
  2377 | D:3      | Found a broken altar of Ashenzari.
  2406 | D:3      | Found a blossoming altar of Fedhas.
  2408 | D:3      | Found a hide-covered altar of Uskayaw.
  2410 | D:3      | Found an iron altar of Okawaru.
  2410 | D:3      | Found an ornate altar of the Wu Jian Council.
  2604 | D:3      | Identified the +2 scale mail "Veokiustot" {Will+ Slay+3}
  3222 | D:3      | Reached XP level 6. HP: 22/32 MP: 5/12
  3331 | D:3      | Reached skill level 6 in Air Magic
  3713 | D:4      | Found a staircase to the Ecumenical Temple.
  3720 | Temple   | Entered the Ecumenical Temple
  3869 | Temple   | Became a worshipper of Hepliaklqana the Forgotten
  4281 | D:4      | Found Nesterobeaf's Book Shoppe.
  4324 | D:4      | Reached skill level 5 in Conjurations
  4456 | D:4      | Reached * piety under Hepliaklqana
  4584 | D:4      | Noticed Edmund
  4594 | D:4      | Killed Edmund
  4595 | D:4      | Reached XP level 7. HP: 6/32 MP: 0/14
  4792 | D:5      | Entered Level 5 of the Dungeon
  4795 | D:5      | Reached skill level 17 in Air Magic
  4795 | D:5      | Reached XP level 8. HP: 36/36 MP: 15/15
  5704 | D:5      | Found a basalt altar of Yredelemnul.
  5792 | D:5      | Found a white marble altar of Elyvilon.
  6218 | D:6      | Reached XP level 9. HP: 36/40 MP: 0/17
  6489 | D:6      | Reached skill level 5 in Spellcasting
  6550 | D:6      | Reached ** piety under Hepliaklqana
  6550 | D:6      | Noticed Duvessa
  6550 | D:6      | Noticed Dowan
  6552 | D:6      | Noticed Blork the orc
  6553 | D:6      | Killed Duvessa
  6589 | D:6      | Killed Dowan
  6632 | D:6      | Reached skill level 1 in Fighting
  6816 | D:6      | Noticed Menkaure
  6819 | D:6      | Killed Menkaure
  6913 | D:6      | Paralysed by Blork the orc for 3 turns
  6923 | D:6      | Paralysed by Blork the orc for 2 turns
  7044 | D:6      | Killed Blork the orc
  7407 | D:7      | Found Huot's Book Emporium.
  7511 | D:7      | Found a glowing silver altar of Zin.
  7514 | D:7      | Found a glowing golden altar of the Shining One.
  7682 | D:6      | Remembered your ancestor Reggie B. as a hexer
  7919 | D:7      | Reached skill level 18 in Air Magic
  8022 | D:7      | Found Abor's Magic Scroll Boutique.
  8034 | D:7      | Found Suefuzy's Assorted Antiques.
  8181 | D:4      | Bought Maxwell's Memoranda for 380 gold pieces
  8187 | D:4      | Learned a level 5 spell: Arcjolt
  8263 | D:7      | Found Xin Gie's Antique Armour Boutique.
  8371 | D:7      | Found Ziarugewn's Distillery.
  8662 | D:8      | Noticed a two-headed ogre
  8705 | D:8      | Noticed Grum
  8720 | D:8      | Reached XP level 10. HP: 35/50 MP: 4/18
  8923 | D:8      | Killed Grum
  8979 | D:8      | Noticed a two-headed ogre
  8984 | D:8      | Killed a two-headed ogre
  8985 | D:8      | Reached skill level 5 in Fighting
  9184 | D:8      | Killed a two-headed ogre
 10250 | D:9      | Reached skill level 19 in Air Magic
 10787 | D:9      | Reached XP level 11. HP: 50/59 MP: 2/19
 10968 | D:9      | Found a staircase to the Lair.
 11565 | D:9      | Noticed a two-headed ogre
 11568 | D:9      | Killed a two-headed ogre
 11641 | D:9      | Reached *** piety under Hepliaklqana
 11659 | D:9      | Found Bissiem's Magic Scroll Shop.
 11826 | D:9      | Bought a scroll of teleportation for 42 gold pieces
 11851 | D:10     | Entered Level 10 of the Dungeon
 12385 | D:10     | Noticed a cyclops
 12388 | D:10     | Killed a cyclops
 13181 | D:11     | Noticed a cyclops
 13193 | D:11     | Killed a cyclops
 13194 | D:11     | Reached skill level 20 in Air Magic
 13313 | D:11     | Noticed a manticore
 13313 | D:11     | Noticed a two-headed ogre
 13319 | D:11     | Killed a two-headed ogre
 13334 | D:11     | Killed a manticore
 13521 | D:11     | Noticed a two-headed ogre
 13524 | D:11     | Killed a two-headed ogre
 13906 | D:11     | Noticed a cyclops
 13909 | D:11     | Killed a cyclops
 14002 | D:11     | Reached **** piety under Hepliaklqana
 14258 | D:11     | Noticed a two-headed ogre
 14280 | D:11     | Killed a two-headed ogre
 14281 | D:11     | Reached XP level 12. HP: 67/67 MP: 4/21
 14461 | D:11     | Found a bloodstained altar of Trog.
 14461 | D:11     | Noticed a boulder beetle
 14718 | D:11     | Killed a boulder beetle
 15033 | Lair:1   | Entered Level 1 of the Lair of Beasts
 15748 | Lair:1   | Reached skill level 5 in Dodging
 16219 | Lair:1   | Identified the +0 kite shield of the Northern Lights {rElec
                  | Str+2 Int+4}
 16279 | Lair:1   | Learned a level 8 spell: Maxwell's Capacitive Coupling
 16316 | Lair:1   | Noticed an eight-headed hydra
 16336 | Lair:1   | Killed an eight-headed hydra
 16339 | Lair:1   | Reached skill level 1 in Shields
 16695 | Lair:1   | Reached skill level 21 in Air Magic
 17187 | Lair:1   | Noticed a seven-headed hydra
 17187 | Lair:1   | Noticed a skyshark
 17208 | Lair:1   | Killed a skyshark
 17255 | Lair:1   | Killed a seven-headed hydra
 17256 | Lair:1   | Reached skill level 10 in Fighting
 17256 | Lair:1   | Reached XP level 13. HP: 73/73 MP: 7/25
 17524 | Lair:2   | Found a staircase to the Shoals.
 17738 | Lair:2   | Found a runed translucent gate.
 17738 | Lair:2   | Found a runed translucent gate.
 17738 | Lair:2   | Found a runed translucent gate.
 17738 | Lair:2   | Noticed thug444's ghost (journeyman MiFi)
 17739 | Lair:2   | Noticed Gadrel's ghost (journeyman TrRe)
 17834 | Lair:2   | Found a hole to the Spider Nest.
 18028 | Lair:2   | Reached ***** piety under Hepliaklqana
 18416 | Lair:2   | Found an opulent altar of Gozag.
 18421 | Lair:2   | Noticed Maggie
 18430 | Lair:2   | Killed Maggie
 19165 | Lair:2   | Identified the +1 ring mail "Kof Soal" {+Blink Int+6}
 20891 | Lair:4   | Reached skill level 5 in Shields
 21024 | Lair:4   | Found a viscous altar of Jiyva.
 21026 | Lair:4   | Found a staircase to the Slime Pits.
 22374 | Lair:5   | Entered Level 5 of the Lair of Beasts
 22438 | Lair:5   | Reached skill level 22 in Air Magic
 22438 | Lair:5   | Reached XP level 14. HP: 60/81 MP: 3/27
 23791 | Lair:5   | Noticed Nessos
 23795 | Lair:5   | Killed Nessos
 25438 | D:12     | You are sucked into a shaft and drop 1 floor!
 25661 | D:13     | Reached ****** piety under Hepliaklqana
 25664 | D:13     | Slain by a white ugly thing

Illustrated notes

Levels and vault maps discovered:
D:1:      minmay_arrival_arboretum_large, layout_loops_corners
D:2:      layout_basic, shapermc_ecumenical_altar_venn, minmay_misc_feat_plants,
          minmay_misc_feat_rugged, serial_bayou_pond_e,
          kennysheep_jessica_study, uniq_natasha, uniq_jessica
D:3:      layout_loops_corners, grunt_temple_overflow_open
D:4:      layout_gridville, minmay_temple_entry_slanted, serial_shops, shop,
          uniq_edmund
D:5:      layout_basic, kennysheep_ying_yang
D:6:      layout_rooms, serial_glass, glass_columns_c, glass_columns_b,
          hellmonk_bongcloud_opening, nrook_loot_triangle, uniq_blork_the_orc,
          uniq_duvessa, uniq_menkaure
D:7:      layout_gridville, minitemple, serial_shops,
          nicolae_shop_industrial_runoff, shop, nicolae_shop_overgrown_old_shop,
          shop_statue, shop, minmay_diced_spiral
D:8:      layout_basic, uniq_grum
D:9:      layout_small_grid, erik_lair_dragon, serial_shops,
          kennysheep_little_box
D:10:     layout_cross, enter_bailey_3, minmay_sticks_and_stones
D:11:     layout_basic, wad_floor_pattern_untrapped, bloody_trog
D:12:     layout_long_grid, orc_0_dummy, gammafunk_ghost_spectres, serial_shops,
          bzr_firewalk
D:13:     layout_roguey, lightli_vaults_fourway_checkpoint,
          einodemon_armed_red_devil_minivault
Temple:   hellmonk_temple_flake
Lair:1:   layout_regular_city, minmay_shattered_shrine
Lair:2:   layout_cave_pods, elwin_shoals_entry_rocks, spider_nest_entry_webs,
          gammafunk_ghost_cemetery, basic_altar, lemuel_fruit_tree,
          grunt_megastairs_2, uniq_maggie
Lair:3:   layout_roguey, gammafunk_lair_bear_cave, grunt_megastairs_1,
          serial_bayou_shore_a
Lair:4:   layout_long_grid, slime_entry_1, hangedman_lair_unloving_vines
Lair:5:   grunt_lair_end_beastmaster, layout_cave_shapes, uniq_nessos

Skill      XL: |  1  2  3  4  5  6  7  8  9 10 11 12 13 14 |
---------------+-------------------------------------------+-----
Conjurations   | 2 3 4 5 6 |  6.0
Air Magic      | 5 6 17 18 19 20 21 22 | 22.9
Spellcasting   | 3 4 5 7 8 9 |  9.0
Fighting       | 4 6 8 10 11 12 | 12.5
Dodging        | 4 5 |  5.7
Shields        | 2 5 8 |  8.2
Stealth        | |  2.0

Action                     |  1- 3 |  4- 6 |  7- 9 | 10-12 | 13-15 || total
---------------------------+-------+-------+-------+-------+-------++-------
  Melee: Unarmed           |     1 |     1 |    22 |     5 |       ||    29
         Kick              |       |       |     9 |    33 |    54 ||    96
         Peck              |       |       |     4 |    20 |    30 ||    54
         Rapier            |       |       |       |    65 |   107 ||   172
         Punch             |       |       |       |     4 |     1 ||     5
   Cast: Shock             |    40 |   118 |   124 |     6 |       ||   288
         Static Discharge  |     3 |    14 |    16 |     5 |       ||    38
         Airstrike         |       |       |    36 |   163 |   165 ||   364
         Arcjolt           |       |       |       |    30 |    64 ||    94
         Maxwell's Capacit |       |       |       |       |     2 ||     2
 Invoke: Recall Ancestor   |       |       |     4 |     4 |     4 ||    12
         Ancestor Life: He |       |       |     1 |       |       ||     1
         Ancestor Identity |       |       |     1 |       |       ||     1
  Evoke: Wand              |       |       |       |     5 |       ||     5
    Use: Scroll            |       |     7 |     2 |     7 |     1 ||    17
         Potion            |       |       |     1 |     1 |     1 ||     3
   Stab: Distracted        |       |       |       |     1 |     3 ||     4
         Confused          |       |       |       |       |     1 ||     1
         Petrified         |       |       |       |       |     1 ||     1
 Armour: Robe              |     2 |     3 |     3 |       |       ||     8
         Steam dragon scal |       |       |     9 |    39 |    38 ||    86
  Dodge: Dodged            |     9 |     9 |    52 |   102 |   184 ||   356
  Block: Kite shield       |       |       |       |       |    63 ||    63
